 Dungeon Crawl Stone Soup version 0.30.0-29-ga12c61a403 (webtiles) character file.

Game seed: 5820448017745996535

53 qw the Chopper (level 3, -3/23 HPs)
             Began as a Gargoyle Fighter on June 3, 2023.
             Slain by a gnoll
             ... wielding a +0 spear
              (4 damage)
             ... on level 2 of the Dungeon.
             The game lasted 00:00:34 (1016 turns).

qw the Chopper (Gargoyle Fighter)                   Turns: 1016, Time: 00:00:35

Health: -3/23      AC: 10    Str: 21    XL:     3   Next: 87%
Magic:  3/3        EV:  9    Int:  8    God:
Gold:   46         SH:  9    Dex:  9    Spells: 2/2 levels left

rFire   . . .        Y - +0 war axe
rCold   . . .        c - +0 buckler
rNeg    + . .        b - +0 scale mail
rPois   inf          (no helmet)
rElec   +            (no cloak)
rCorr   .            (no gloves)
SInv    .            (no boots)
Will    .....        h - amulet of reflection Stlth
                     (no ring)
HPRegen 0.23/turn    (no ring)
MPRegen 0.08/turn

%: reflection
@: no status effects
A: sickness immunity, AC +3, negative energy resistance 1, electricity
resistance, torment resistance 1, petrification resistance
a: no special abilities


You were on level 2 of the Dungeon.
You visited 1 branch of the dungeon, and saw 2 of its levels.

You collected 46 gold pieces.


Innate Abilities, Weirdness & Mutations

You are immune to sickness and miasma.
Your stone body is resilient. (AC +3)
You are immune to poison.
You resist negative energy. (rN+)
You are resistant to electric shocks. (rElec)
You are resistant to unholy torment.
You are immune to petrification.


   Skills:
 - Level 3.2 Fighting
 + Level 3.7 Axes
 - Level 3.2 Armour
 - Level 3.2 Shields


You had 2 spell levels left.
You didn't know any spells.
Your spell library was empty.

Inventory:

Hand Weapons
 g - a +0 whip
 Y - a +0 war axe (weapon)
Armour
 b - a +0 scale mail (worn)
 c - a +0 buckler (worn)
Jewellery
 h - an amulet of reflection (around neck)
Scrolls
 a - a scroll of identify
Potions
 d - a potion of might
 e - a potion of degeneration {unknown}
 f - a potion of curing {unknown}

Dungeon Overview and Level Annotations

Branches:
Dungeon (2/15)

Altars:

Shops:
D:1 [


Message History

You hear an angry hiss.
You slash the gnoll!
The gnoll is almost dead.
The gnoll hits you from afar with a +0 spear.
A gnoll comes into view. It is wielding a +0 vampiric spear.
You block the gnoll's attack.
You hit the gnoll.
You kill the gnoll!
You block the gnoll's attack. The gnoll hits you with a +0 club.
The gnoll closely misses you.
You closely miss the gnoll. You block the gnoll's attack.
The gnoll hits you from afar with a +0 vampiric spear.
The gnoll hits you but does no damage.
You hit the gnoll.
The gnoll is lightly wounded.
A giant cockroach comes into view.
The gnoll hits you but does no damage. x3
You slash the gnoll!
You kill the gnoll!
The gnoll hits you from afar with a +0 spear.
The gnoll hits you from afar with a +0 vampiric spear.
The gnoll hits you from afar with a +0 spear.
You block the gnoll's attack. You block the gnoll's attack.
The gnoll hits you with a +0 vampiric spear.
Things that are here:
a +0 club; a +0 flail; a gnoll corpse You hit the gnoll but do no damage.
You hit the gnoll. You block the gnoll's attack. The gnoll barely misses you.
You closely miss the gnoll.
The gnoll is heavily wounded.
You hit the gnoll but do no damage. The gnoll hits you with a +0 spear.
You block the gnoll's attack.
You slash the gnoll!
You kill the gnoll!
You hit the gnoll. The gnoll hits you with a +0 spear.
You block the giant cockroach's attack. The gnoll hits you with a +0 spear.
You die...

.........##
##........####
#.#
########....#
#.# ##...# #.#
#...# #.#
##..###.#
##..##.# #
##..#.##..#
##..@g..#
###.B### #.!#
#.## #>. ###


You could see a gnoll and a giant cockroach.

Vanquished Creatures
  3 gnolls (D:2)
  A worm (D:2)
  2 ball pythons (D:1)
  8 bats
  2 endoplasms
  3 goblins
  A hobgoblin (D:1)
  2 quokkas (D:1)
  2 frilled lizards
  4 kobolds (D:1)
  3 rats (D:1)
31 creatures vanquished.

Notes
Turn   | Place    | Note
-------+----------+-------------------------------------------
     0 | D:1      | qw the Gargoyle Fighter began the quest for the Orb.
     0 | D:1      | Reached XP level 1. HP: 14/14 MP: 1/1
     0 | D:1      | 0 ||| qw: Version: 0.2-a-103-g3a7daa1
     0 | D:1      | 0 ||| qw: Game counter: 959
     0 | D:1      | 0 ||| qw: Always use a shield: true
     0 | D:1      | 0 ||| qw: God list: Okawaru
     0 | D:1      | 0 ||| qw: Allow faded altars: false
     0 | D:1      | 0 ||| qw: Do Orc after D:15 true
     0 | D:1      | 0 ||| qw: Do second Lair branch before Depths: true
     0 | D:1      | 0 ||| qw: Lair rune preference: random
     0 | D:1      | 0 ||| qw: Plans: Normal, Zot:1-4, Slime:5, God:TSO, Crypt,
                  | Tomb, Pan, Hells, Abyss, Win
     0 | D:1      | 0 ||| PLANNING D:1-11
   135 | D:1      | Reached XP level 2. HP: 17/19 MP: 2/2
   136 | D:1      | 136 ||| Stepping ~*~*~tactically~*~*~ (hiding).
   144 | D:1      | 144 ||| Stepping ~*~*~tactically~*~*~ (stealth).
   155 | D:1      | 155 ||| DROPPING +0 club.
   433 | D:1      | Found Urghy's Armour Shoppe.
   445 | D:1      | 445 ||| SHOPLISTING +0 helmet (49 gold, have 35).
   445 | D:1      | 445 ||| SHOPLISTING +1 plate armour "Herch" {*Corrode rPois
                  | Int+4} (462 gold, have 35).
   445 | D:1      | 445 ||| SHOPLISTING +3 leather armour of fire resistance
                  | (264 gold, have 35).
   445 | D:1      | 445 ||| SHOPLISTING +5 plate armour of the Contumacious
                  | Frog {rF+ Int+7 Dex-3 Stlth+} (805 gold, have 35).
   445 | D:1      | 445 ||| SHOPLISTING +8 chain mail "Ceovoacs" {rElec rPois
                  | Int+2} (735 gold, have 35).
   460 | D:1      | Reached skill level 3 in Axes
   564 | D:1      | Reached XP level 3. HP: 17/23 MP: 3/3
   845 | D:1      | 845 ||| UPGRADING to amulet of reflection.
   850 | D:1      | 850 ||| DROPPING amulet of the acrobat.
   851 | D:1      | 851 ||| READING 2 scrolls labelled NAXZEN QOICS.
   852 | D:1      | 852 ||| READING scroll labelled GIDUNETWAI.
   853 | D:1      | 853 ||| READING scroll labelled SEUTTUEKIU.
   999 | D:2      | 999 ||| Stepping ~*~*~tactically~*~*~ (hiding).
  1015 | D:2      | HP: 3/23 [gnoll/+0 spear (4)]
  1016 | D:2      | HP: 1/23 [gnoll/+0 spear (3)]
  1016 | D:2      | Slain by a gnoll

Levels and vault maps discovered:
D:1:      dpeg_arrival_subterranean_lakeside_camping, layout_loops_ring,
          serial_shops, nicolae_shop_statue_plus, kennysheep_pointless_box,
          minmay_pentomino_o4
D:2:      layout_basic, basic_altar, hellmonk_ecumenical_altar_crossroads,
          uniq_crazy_yiuf_cottage, uniq_terence

Skill      XL: |  1  2 |
---------------+-------+-----
Axes           | 2 3 |  3.7
Fighting       | |  3.2
Armour         | |  3.2
Shields        | |  3.2

Action                     || total
---------------------------++-------
  Melee: War axe           ||   113
    Use: Scroll            ||     3
 Armour: Scale mail        ||    60
  Dodge: Dodged            ||    54
  Block: Buckler           ||    27

Table legend:
 A = Non-vault XP
 B = Vault XP
 C = Vault XP percentage of total XP
 D = Non-vault monster count
 E = Vault monster count
 F = Vault count percentage of total count
                 A         B        C        D         E       F
            +---------+---------+-------+---------+---------+-------
      Total |      77 |      14 |  15.4 |      22 |       9 |  29.0
            +---------+---------+-------+---------+---------+-------
        D:1 |      22 |      14 |  38.9 |      14 |       9 |  39.1
        D:2 |      55 |       0 |   0.0 |       8 |       0 |   0.0
            +---------+---------+-------+---------+---------+-------
